Crusader 3 waves

Match 25870001
End
Kettenkrad Recon Vehicle
Construct Infanterie Kompanie
Selects Breakthrough Battlegroup
Selects Assault Grenadiers
Grenadier Squad
Grenadier Squad
GrW 34 Mortar Team
MG 42 Machine Gun Team
Grenadier Squad
Medical Bunker
Construct Panzergrenadier Kompanie
Pak 40 Anti-tank Gun Team
Pioneer Squad
Selects Rapid Production
Construct Panzer Kompanie
Stoßtruppen Squad
Selects Blitzkrieg
Stoßtruppen Squad
Grenadier Squad
Panzer IV Medium Tank
Panzer IV Medium Tank
Pak 40 Anti-tank Gun Team
Blitzkrieg
Pioneer Squad
Selects Tiger Heavy Tank
Selects Breakthrough
Tiger Heavy Tank
Panzer IV Medium Tank
Pioneer Squad
Selects Incendiary Bombing Run
Shinshigumi
smallNhii
0
0

Comments sign in to comment!

No comments posted yet!